 Dungeon Crawl Stone Soup version 0.23.2-33-g5129a83184 (webtiles) character file.

Game seed: 11479426132670847439

682 MalarOregon the Poker (level 7, -1/48 HPs)
             Began as a Merfolk Ice Elementalist on Aug 5, 2019.
             Was a Believer of Wu Jian.
             Slain by a hippogriff (9 damage)
             ... on level 7 of the Dungeon.
             The game lasted 00:14:02 (5816 turns).

MalarOregon the Poker (Merfolk Ice Elementalist)    Turns: 5816, Time: 00:14:02

Health: -1/48      AC:  4    Str:  8    XL:     7   Next: 61%
Magic:  10/10      EV: 14    Int: 17    God:    Wu Jian [**....]
Gold:   213        SH:  0    Dex: 14    Spells: 6/10 levels left

rFire    + . .     SeeInvis +   a - +0 spear
rCold    . . .     Gourm    .   (no shield)
rNeg     . . .     Faith    .   c - +0 robe
rPois    .         Spirit   .   d - +0 helmet
rElec    .         Reflect  .   (no cloak)
rCorr    .         Harm     .   (no gloves)
MR       .....                  k - +0 pair of boots
Stlth    ++........             (no amulet)
HPRegen  0.16/turn              z - ring of see invisible
MPRegen  0.12/turn              i - ring of protection from fire

@: no status effects
A: change form in water, swift swim, stealthy swim
a: Wall Jump, Renounce Religion


You were on level 7 of the Dungeon.
You worshipped Wu Jian.
Wu Jian was pleased with you.
You were hungry.

You visited 1 branch of the dungeon, and saw 8 of its levels.

You collected 213 gold pieces.

Inventory:

Hand Weapons
 a - a +0 spear (weapon)
   (You found it on level 1 of the Dungeon)
Missiles
 h - 2 throwing nets (quivered) {!f}
Armour
 c - a +0 robe (worn)
 d - a +0 helmet (worn)
   (You found it on level 5 of the Dungeon)
 k - a +0 pair of boots (worn)
   (You found it on level 1 of the Dungeon)
Jewellery
 i - a ring of protection from fire (right hand)
   (You found it on level 4 of the Dungeon)
 z - a ring of see invisible (left hand)
   (You took it off a crimson imp on level 5 of the Dungeon)
 A - a cursed -3 ring of slaying {unknown}
   (You found it on level 6 of the Dungeon)
Wands
 x - a wand of acid (8)
   (You found it on level 7 of the Dungeon)
Scrolls
 f - 3 scrolls of blinking
 l - a scroll of teleportation {@r4}
 m - a scroll of enchant weapon {unknown}
 n - a scroll of fog {unknown}
 o - a scroll of remove curse {@r2}
 q - a scroll of immolation {unknown}
 t - a scroll of magic mapping {unknown}
 u - a scroll of amnesia
 y - a scroll of fear {unknown}
Potions
 b - a potion of might
 g - a potion of resistance {unknown}
 j - 2 potions of mutation {!q}
 p - 3 potions of heal wounds {@q2}
 r - a potion of haste {@q3}
 s - a potion of invisibility
 v - a potion of flight {unknown}
 w - a potion of curing {@q1}
Comestibles
 e - 9 rations {!d}


   Skills:
 - Level 1.4 Fighting
 + Level 7.1 Polearms
 - Level 3.7 Dodging
 - Level 3.1 Stealth
 - Level 2.4 Spellcasting
   Level 0.7 Conjurations
 + Level 6.4 Ice Magic


You had 6 spell levels left.
You knew the following spells:

 Your Spells              Type           Power        Failure   Level  Hunger
a - Freeze                Ice            ###.         1%          1    #......
b - Ozocubu's Armour      Chrm/Ice       ##......     14%         3    ###....

Your spell library contained the following spells:

 Spells                   Type           Power        Failure   Level  Hunger
 Throw Frost              Conj/Ice       ##....       6%          2    ##.....
 Ensorcelled Hibernation  Hex/Ice        ##....       8%          2    ##.....
 Corona                   Hex            #......      19%         1    #......
 Throw Icicle             Conj/Ice       ##......     38%         4    #####..
 Dazzling Spray           Conj/Hex       #.....       43%         3    ###....
 Summon Ice Beast         Ice/Summ       ##......     43%         4    #####..
 Confuse                  Hex            #.......     50%         3    ###....
 Tukima's Dance           Hex            #.......     50%         3    ###....


Dungeon Overview and Level Annotations

Branches:
Dungeon (8/15)
 Temple: D:4-7         Lair: D:8-11

Altars:
Nemelex Xobeh
Qazlal
Wu Jian
Zin

Annotations:
D:6 Eustachio
D:7 exclusions: centaur and hippogriff


Message History

You are no longer corroded.
You start resting.
You are feeling hungry.
Okay, then.
You start resting.
Partly explored, can't reach some places.
Partly explored, can't reach some places.
Partly explored, can't reach some places.
Partly explored, can't reach some places.
There is a stone staircase leading down here.
You climb downwards.
Level annotation: exclusions: centaur and hippogriff
There is a stone staircase leading up here.
A hippogriff comes into view.
You repeatedly attack the hippogriff from above.
You hit the hippogriff. You completely miss the hippogriff. x2
The hippogriff barely misses you.
The hippogriff pecks you but does no damage.
The hippogriff claws you. The hippogriff barely misses you.
The hippogriff closely misses you.
The hippogriff claws you but does no damage.
You spin and attack the hippogriff.
You closely miss the hippogriff. The hippogriff closely misses you.
The hippogriff pecks you. The hippogriff barely misses you.
You lunge at the hippogriff, in a flurry of attacks.
You hit the hippogriff. x2; The hippogriff bites you.
The hippogriff closely misses you.
The hippogriff claws you but does no damage.
You spin and attack the hippogriff.
You closely miss the hippogriff. The hippogriff bites you.
The hippogriff barely misses you. The hippogriff closely misses you.
Found a stone staircase leading up.
You lunge at the hippogriff.
You hit the hippogriff. The hippogriff barely misses you.
The hippogriff pecks you. The hippogriff claws you.
You spin and attack the hippogriff.
You barely miss the hippogriff. The hippogriff bites you.
The hippogriff pecks you. The hippogriff claws you.
You lunge at the hippogriff, in a flurry of attacks.
You hit the hippogriff. x2; The hippogriff barely misses you.
The hippogriff pecks you.
* * * LOW HITPOINT WARNING * * *
The hippogriff claws you.
* * * LOW HITPOINT WARNING * * *
You spin and attack the hippogriff repeatedly.
You hit the hippogriff. x2; The hippogriff bites you!
* * * LOW HITPOINT WARNING * * *
The hippogriff pecks you.
* * * LOW HITPOINT WARNING * * *
The hippogriff claws you!
You die...

.####... ############..
........ .............
.....#...##...........
.....................#
........#.##.........#
.....##..............#
.....##[.............###
.......................###
#....##..###....@........##
###..# #.....#.#.H.........
.....# #....<#..###.......#
#....###..................#
#.............#.###.###....
#.............#...#.. ....
#.......#####..##..#. <..
.......## ..........
##.....### ......≈≈≈≈


You could see a hippogriff (pinned).

Vanquished Creatures
  A bullfrog (D:6)
  A howler monkey (D:5)
  A crimson imp (D:5)
  A bullfrog zombie (D:7)
  A centaur zombie (D:5)
  A jelly (D:6)
  A centaur skeleton (D:4)
  An orc priest (D:4)
  A gnoll shaman (D:4)
  Terence (D:2)
  An iguana (D:4)
  An orc wizard (D:5)
  A worker ant (D:2)
  A hound zombie (D:6)
  A howler monkey zombie (D:5)
  A worker ant zombie (D:6)
  5 gnolls (D:4)
  8 adders
  An ooze (D:3)
  A dart slug (D:2)
  4 leopard geckos
  18 orcs
  5 bats
  3 giant cockroaches
  13 goblins
  4 hobgoblins
  5 kobolds
  3 quokkas
  A ball python (D:1)
  3 frilled lizards
  15 rats
105 creatures vanquished.

Notes
Turn   | Place    | Note
-------+----------+-------------------------------------------
     0 | D:1      | MalarOregon the Merfolk Ice Elementalist began the quest
                  | for the Orb.
     0 | D:1      | Reached XP level 1. HP: 13/13 MP: 3/3
   218 | D:1      | Reached XP level 2. HP: 20/20 MP: 5/5
   482 | D:1      | Reached skill level 1 in Polearms
   598 | D:1      | Reached XP level 3. HP: 25/25 MP: 6/6
  1051 | D:1      | Learned a level 3 spell: Ozocubu's Armour
  1160 | D:2      | HP: 1/25 [worker ant (4)]
  1170 | D:2      | Reached skill level 1 in Fighting
  1170 | D:2      | Reached XP level 4. HP: 6/32 MP: 5/7
  1429 | D:2      | Learned a level 1 spell: Freeze
  1631 | D:2      | Found a faded altar of an unknown god.
  1883 | D:2      | Noticed Terence
  1993 | D:2      | Killed Terence
  1993 | D:2      | Reached skill level 2 in Polearms
  2103 | D:2      | Found an ornate altar of the Wu Jian Council.
  2109 | D:2      | Became a worshipper of the Wu Jian Council
  2335 | D:3      | Reached XP level 5. HP: 33/37 MP: 1/8
  2718 | D:3      | Reached skill level 3 in Polearms
  3162 | D:4      | Reached skill level 4 in Polearms
  3244 | D:4      | Found a glowing silver altar of Zin.
  3257 | D:4      | Reached * piety under Wu Jian
  3257 | D:4      | Reached XP level 6. HP: 19/43 MP: 1/9
  3279 | D:4      | Reached skill level 5 in Ice Magic
  3318 | D:4      | HP: 1/43 [gnoll/+0 spear (6)]
  3515 | D:4      | Reached skill level 5 in Polearms
  4282 | D:5      | Entered Level 5 of the Dungeon
  4483 | D:5      | Found a sparkling altar of Nemelex Xobeh.
  4483 | D:5      | Found a stormy altar of Qazlal.
  4548 | D:5      | Reached XP level 7. HP: 45/48 MP: 2/10
  4600 | D:5      | Reached skill level 6 in Polearms
  5114 | D:5      | You fall through a shaft for 3 floors!
  5265 | D:7      | Noticed a hippogriff
  5541 | D:6      | Noticed Eustachio
  5567 | D:6      | Reached ** piety under Wu Jian
  5567 | D:6      | Reached skill level 7 in Polearms
  5796 | D:7      | Noticed a hippogriff
  5816 | D:7      | Slain by a hippogriff

Skill      XL: |  1  2  3  4  5  6  7 |
---------------+----------------------+-----
Dodging        | 3 |  3.7
Polearms       | 1 2 4 5 7 |  7.1
Fighting       | 1 |  1.4
Stealth        | 3 |  3.1
Ice Magic      | 4 5 6 |  6.4
Spellcasting   | |  2.4
Conjurations   | |  0.7

Action                   |  1- 3 |  4- 6 |  7- 9 || total
-------------------------+-------+-------+-------++-------
Melee: Spear             |    75 |   165 |   154 ||   394
 Cast: Freeze            |    26 |    79 |    17 ||   122
       Ozocubu's Armour  |     1 |     5 |       ||     6
Invok: Lunge             |       |     1 |    17 ||    18
       Whirlwind         |       |       |    62 ||    62
 Abil: Wall Jump         |       |       |     1 ||     1
  Use: Scroll            |     3 |     6 |     1 ||    10
       Potion            |     1 |       |       ||     1
 Stab: Sleeping          |     6 |    16 |     1 ||    23
  Eat: Chunk             |     1 |    11 |     5 ||    17
Armor: Robe              |    15 |    17 |    22 ||    54
Dodge: Dodged            |    48 |   104 |    80 ||   232
